Map: Ley Lines

Players

PrinceGosu

  • Race: Terran Terran
  • League: Master
  • Spawn Location: 1:00

Greganthus - Winner!

  • Race: Protoss Protoss
  • Spawn Location: 7:00

VOD

Have the link to the VOD?

Description

Time

  • Played on: Oct. 3, 2025, 7:47 p.m.
  • Length: 6:50
Show
View Real Time Build Order
Export as new Build Order

PrinceGosu Terran 

Build Orders: Banshee Rush 

Get SALT Encoding   

  12  0:00  SCV  
  13  0:12  SCV  
  14  0:17  Supply Depot  
  14  0:24  SCV  
  15  0:39  SCV  
  15  0:40  Barracks  
  16  0:46  Refinery  
  16  0:51  SCV  
  16  0:53  Refinery  
  17  1:03  SCV  
  18  1:15  SCV  
  19  1:29  Supply Depot, Reaper  
  19  1:32  Orbital Command  
  20  1:52  Factory  
  20  1:57  SCV  
  21  2:02  Reaper  
  22  2:10  SCV  
  23  2:22  SCV  
  24  2:32  Command Center  
  24  2:34  SCV  
  24  2:35  Reaper  
  26  2:38  Hellion  
  28  2:46  Starport  
  28  2:48  SCV  
  31  3:05  Hellion  
  31  3:08  Barracks Reactor  
  31  3:22  Starport Tech Lab, SCV  
  32  3:29  Factory Tech Lab, Supply Depot  
  32  3:40  SCV  
  33  3:43  Cloaking Field, Banshee  
  33  3:45  Marine x2  
  39  3:52  Orbital Command  
  39  3:54  Supply Depot  
  38  4:01  Siege Tank  
  41  4:05  SCV  
  42  4:11  Supply Depot  
  42  4:16  Marine  
  43  4:17  SCV  
  43  4:19  Marine  
  45  4:25  SCV  
  45  4:31  Banshee  
  46  4:36  Siege Tank  
  52  4:42  SCV x2  
  52  4:43  Marine x2  
  56  4:52  Refinery  
  56  4:54  SCV x2  
  58  5:01  Marine x2  
  58  5:06  SCV x2  
  62  5:08  Siege Tank  
  65  5:18  SCV  
  65  5:19  Marine x2, SCV  
  69  5:30  SCV  
  69  5:31  Starport Reactor, SCV  
  69  5:33  Barracks  
  65  5:49  Marine x2  
  61  5:50  Barracks  
  61  5:52  Factory Tech Lab  
  62  6:03  SCV  
  62  6:04  SCV  
  59  6:07  Marine x2  
  57  6:16  SCV  
  55  6:19  Medivac x2  
  55  6:21  SCV  
  55  6:25  Marine x2  
  54  6:27  Marine  
  54  6:28  SCV  
Show
View Real Time Build Order
Export as new Build Order

Greganthus Protoss - Winner!

Build Orders: 1 Gate Expand, Blink Stalkers 

Get SALT Encoding   

  12  0:00  Probe  
  13  0:12  Probe  
  13  0:13  Pylon  
  13  0:20  Probe  
  15  0:30  Probe  
  16  0:36  Gateway  
  17  0:42  Probe  
  17  0:47  Assimilator  
  17  0:55  Probe  
  18  1:07  Probe  
  19  1:19  Probe  
  19  1:22  Nexus  
  20  1:31  Probe  
  20  1:32  Pylon  
  21  1:38  Assimilator  
  21  1:43  Probe  
  22  1:50  Cybernetics Core  
  22  1:51  Probe  
  22  1:59  Probe  
  23  2:08  Probe  
  24  2:15  Pylon  
  25  2:16  Probe  
  26  2:24  Probe  
  26  2:27  Warp Gate  
  27  2:30  Twilight Council  
  27  2:34  Probe  
  27  2:36  Probe  
  28  2:42  Probe  
  29  2:47  Stalker  
  29  2:48  Probe  
  33  2:51  Probe  
  34  2:59  Blink  
  34  3:00  Probe  
  34  3:02  Probe  
  34  3:03  Gateway  
  36  3:12  Probe x2  
  37  3:15  Assimilator  
  38  3:20  Probe  
  38  3:22  Stalker  
  38  3:24  Probe  
  42  3:33  Probe  
  43  3:36  Probe  
  44  3:45  Probe  
  44  3:47  Robotics Facility  
  45  3:49  Gateway  
  45  3:51  Probe  
  46  4:12  Pylon  
  46  4:16  Pylon, Gateway  
  46  4:17  Stalker  
  46  4:18  Gateway  
  46  4:21  Gateway  
  48  4:35  Stalker  
  50  4:41  Gateway  
  50  4:45  Warp Prism  
  50  4:51  Gateway  
  50  4:52  Stalker  
  50  4:53  Stalker  
  56  5:03  Stalker  
  58  5:17  Stalker x4  
  58  5:18  Stalker  
  68  5:27  Pylon x3  
  68  5:34  Stalker  
  70  5:47  Stalker x6  
  70  6:08  Stalker x2  
  68  6:22  Stalker x3  
  68  6:23  Stalker x3  
  74  6:35  Stalker x2  
  78  6:47  Stalker x4  
Tags
 
Composition
Blink Stalkers
League
Master
Matchup
PvT
Spawn Locations
Cross Positions
Strategy
Banshee Rush
Add a new tag
Caveats
  • Supply blocks, unpowered buildings, or Contaminate may cause inaccurate times.
  • Supply counts are checked every 10 seconds.